 Dungeon Crawl Stone Soup version 0.24-a0-474-g47c397e050 (webtiles) character file.

Game seed: 2483622459985271673

393926 Murumi the Peltast (level 24, 0/197 HPs)
             Began as a Formicid Fighter on July 5, 2019.
             Was the Champion of Okawaru.
             Killed by the air
             ... invoked by Sojobo
              (33 damage)
             ... on level 5 of the Depths.
             The game lasted 04:23:48 (49417 turns).

Murumi the Peltast (Formicid Fighter)              Turns: 49417, Time: 04:23:48

Health: 0/197      AC: 36    Str: 33    XL:     24   Next: 25%
Magic:  30/32      EV: 21    Int: 15    God:    Okawaru [******]
Gold:   4615       SH: 34    Dex: 24    Spells: 22/23 levels left

rFire    + . .     SeeInvis +   a - +9 triple sword (slice)
rCold    + + .     Gourm    .   g - +1 large shield of the Ditch-Digger {rC+ rCorr Slay+6}
rNeg     . . .     Faith    .   R - +4 plate armour of the Echidna {Dex+2}
rPois    +         Spirit   .   (helmet unavailable)
rElec    +         Reflect  +   k - +0 cloak "Gooluacw" {Str+4 Dex+3}
rCorr    +         Harm     .   W - +2 pair of gloves {Str+3}
MR       ++...                  J - +0 pair of boots {Fly}
Stlth    ..........             y - +5 amulet of reflection
HPRegen  0.42/turn              T - ring "Diucud" {AC+4 Dex+9}
MPRegen  0.23/turn              (no ring)

@: resistant, heroism, finesse, marked, flying (expiring), very slightly
contaminated, invisible
A: permanent stasis, dig shafts and tunnels, four strong arms, antennae 3
}: 2/15 runes: decaying, gossamer
a: Dig, Shaft Self, Heroism, Finesse, Renounce Religion, Evoke Flight


You were on level 5 of the Depths.
You worshipped Okawaru.
Okawaru was exalted by your worship.
You were very hungry.

You visited 8 branches of the dungeon, and saw 40 of its levels.
You also visited: Ossuary, Gauntlet and Ice Cave.

You collected 6470 gold pieces.
You spent 1855 gold pieces at shops.

Inventory:

Hand Weapons
 a - a +9 triple sword of slicing (weapon)
 f - a +2 arbalest of freezing
 E - a +0 great sword of flaming
Missiles
 I - 742 bolts
Armour
 g - the +1 large shield of the Ditch-Digger (worn) {rC+ rCorr Slay+6}
   (Okawaru gifted it to you on level 3 of the Lair of Beasts)

   It affects your accuracy and damage with ranged weapons and melee attacks
   (+6).
   It protects you from cold.
   It provides partial protection from all sources of acid and corrosion.
 k - the +0 cloak "Gooluacw" (worn) {Str+4 Dex+3}
   (Okawaru gifted it to you on level 2 of the Elven Halls)

   It affects your strength (+4).
   It affects your dexterity (+3).
 J - a +0 pair of boots of flying (worn)
 R - the +4 plate armour of the Echidna (worn) {Dex+2}
   (You found it on level 2 of the Lair of Beasts)

   It affects your dexterity (+2).
 W - a +2 pair of gloves of strength (worn)
Jewellery
 j - an uncursed ring of resist corrosion
 m - an uncursed ring of poison resistance
 r - an uncursed ring of positive energy
 w - an uncursed ring of flight
 y - a +5 amulet of reflection (around neck)
 T - the ring "Diucud" (left hand) {AC+4 Dex+9}
   (You took it off a crimson imp on level 13 of the Dungeon)

   [ring of protection]

   It affects your AC (+4).
   It affects your dexterity (+9).
Wands
 h - a wand of disintegration (24)
 n - a wand of paralysis (27)
 x - a wand of polymorph (22)
 D - a wand of scattershot (4)
 P - a wand of clouds (4)
 Q - a wand of iceblast (47)
 U - a wand of flame (44)
 V - a wand of enslavement (17)
 Y - a wand of acid (14)
Scrolls
 c - 4 scrolls of fog
 o - 15 scrolls of remove curse
 q - 3 scrolls of enchant weapon
 s - 9 scrolls of magic mapping
 z - 6 scrolls of fear
 B - a scroll of silence
 G - 9 scrolls of identify
 M - 8 scrolls of enchant armour
 X - a scroll of summoning
 Z - 4 scrolls of brand weapon
Potions
 d - 8 potions of ambrosia
 i - 5 potions of mutation
 l - 5 potions of resistance
 p - 15 potions of curing
 u - 2 potions of invisibility
 v - 5 potions of might
 C - 4 potions of cancellation
 F - 8 potions of agility
 L - 15 potions of heal wounds
 S - 3 potions of brilliance
Miscellaneous
 b - a lightning rod (4/4)
 t - 2 sacks of spiders
 A - 3 phantom mirrors
 H - a lamp of fire (inert)
 K - a fan of gales (inert)
 N - 4 boxes of beasts
 O - a phial of floods
Comestibles
 e - 63 rations


   Skills:
 - Level 18.0(23.0) Fighting
 + Level 16.1(21.1) Long Blades
 - Level 16.0(21.0) Crossbows
 - Level 18.0(23.0) Armour
 - Level 9.0(14.0) Dodging
 - Level 20.0(25.0) Shields
 - Level 13.0 Invocations
 - Level 11.0 Evocations


You had 22 spell levels left.
You knew the following spells:

 Your Spells              Type           Power        Failure   Level  Hunger
a - Apportation           Tloc           #.....       63%         1    ##.....

Your spell library contained the following spells:

 Spells                   Type           Power        Failure   Level  Hunger
 Animate Skeleton         Necr           N/A          63%         1    ##.....
 Beastly Appendage        Tmut           #.....       63%         1    ##.....
 Confusing Touch          Hex            #.....       63%         1    ##.....
 Corona                   Hex            #......      63%         1    ##.....
 Flame Tongue             Conj/Fire      #....        63%         1    ##.....
 Freeze                   Ice            #...         63%         1    ##.....
 Pain                     Necr           #...         63%         1    ##.....
 Sandblast                Erth           #.....       63%         1    ##.....
 Shock                    Conj/Air       #...         63%         1    ##.....
 Summon Butterflies       Summ           #.......     63%         1    ##.....
 Summon Small Mammal      Summ           #...         63%         1    ##.....
 Call Imp                 Summ           #.......     77%         2    ###....
 Passwall                 Tmut/Erth      #.......     77%         2    ###....
 Poisonous Vapours        Pois/Air       #.....       77%         2    ###....
 Searing Ray              Conj           #.....       77%         2    ###....
 Slow                     Hex            #.......     77%         2    ###....
 Throw Frost              Conj/Ice       #.....       77%         2    ###....
 Call Canine Familiar     Summ           #.......     94%         3    ####...
 Confuse                  Hex            #.......     94%         3    ####...
 Conjure Flame            Conj/Fire      #.......     94%         3    ####...
 Gell's Gravitas          Tloc           #.........   94%         3    ####...
 Ignite Poison            Fire/Tmut/Pois #.......     94%         3    ####...
 Inner Flame              Hex/Fire       #.......     94%         3    ####...
 Lesser Beckoning         Tloc           #.........   94%         3    ####...
 Mephitic Cloud           Conj/Pois/Air  #.......     94%         3    ####...
 Ozocubu's Armour         Chrm/Ice       #.......     94%         3    ####...
 Portal Projectile        Hex/Tloc       #.....       94%         3    ####...
 Stone Arrow              Conj/Erth      #.....       94%         3    ####...
 Summon Guardian Golem    Hex/Summ       #.......     94%         3    ####...
 Tukima's Dance           Hex            #.......     94%         3    ####...
 Cause Fear               Hex            #.........   100%        4    #####..
 Force Lance              Conj/Tloc      #.......     100%        4    #####..
 Ice Form                 Ice/Tmut       #.......     100%        4    #####..
 Leda's Liquefaction      Hex/Erth       #.........   100%        4    #####..
 Olgreb's Toxic Radiance  Pois           #.......     100%        4    #####..
 Petrify                  Tmut/Erth      #.......     100%        4    #####..
 Summon Ice Beast         Ice/Summ       #.......     100%        4    #####..
 Summon Lightning Spire   Summ/Air       #.......     100%        4    #####..
 Throw Icicle             Conj/Ice       #.......     100%        4    #####..
 Agony                    Necr           #.......     100%        5    ######.
 Alistair's Intoxication  Tmut/Pois      #.......     100%        5    ######.
 Bolt of Draining         Conj/Necr      #.........   100%        5    ######.
 Bolt of Magma            Conj/Fire/Erth #.........   100%        5    ######.
 Borgnjor's Vile Clutch   Necr/Erth      #.........   100%        5    ######.
 Irradiate                Conj/Tmut      #.........   100%        5    ######.
 Lee's Rapid Deconstruct  Erth           #.........   100%        5    ######.
 Metabolic Englaciation   Hex/Ice        #.........   100%        5    ######.
 Yara's Violent Unravell  Hex/Tmut       #.........   100%        5    ######.
 Bolt of Cold             Conj/Ice       #.........   100%        6    #######
 Dispersal                Tloc           #.........   100%        6    #######
 Freezing Cloud           Conj/Ice/Air   #.........   100%        6    #######
 Hydra Form               Tmut           #.........   100%        6    #######
 Invisibility             Hex            #.......     100%        6    #######
 Iron Shot                Conj/Erth      #.........   100%        6    #######
 Ozocubu's Refrigeration  Ice            #.........   100%        6    #######
 Simulacrum               Ice/Necr       #.........   100%        6    #######
 Statue Form              Tmut/Erth      #........    100%        6    #######
 Dragon Form              Tmut           #.........   100%        7    #######
 Malign Gateway           Summ/Tloc      #.........   100%        7    #######
 Monstrous Menagerie      Summ           #.........   100%        7    #######
 Ring of Flames           Chrm/Fire      #.........   100%        7    #######
 Spellforged Servitor     Conj/Summ      #.........   100%        7    #######
 Summon Greater Demon     Summ           #.........   100%        7    #######
 Disjunction              Tloc           #.........   100%        8    #######
 Summon Horrible Things   Summ           #.........   100%        8    #######
 Shatter                  Erth           #.........   100%        9    #######
 Controlled Blink         Tloc           Unusable     N/A         8    N/A

Dungeon Overview and Level Annotations

Branches:
Dungeon (15/15)            Temple (1/1) D:5            Lair (6/6) D:11
  Swamp (4/4) Lair:3       Spider (4/4) Lair:4        Slime (0/5) Lair:6
    Orc (2/2) D:10            Elf (3/3) Orc:2        Vaults (0/5) D:13
 Depths (5/5) D:15
    Zot: Depths:5

Altars:
Ashenzari
Cheibriados
Dithmenos
Elyvilon
Fedhas
Gozag
Hepliaklqana
Kikubaaqudgha
Makhleb
Nemelex Xobeh
Okawaru
Qazlal
Ru
Sif Muna
Trog
Uskayaw
Vehumet
Wu Jian
Xom
Yredelemnul
Zin
The Shining One
Beogh

Shops:
Orc:2 ?!}(   Depths:1 *

Portals:
Hell: Depths:1 Depths:2 Depths:3 Depths:4
Abyss: Depths:1 Depths:2 Depths:3 Depths:4
Pandemonium: Depths:3
Ziggurat: Depths:5

Annotations:
Depths:5 Sojobo


Innate Abilities, Weirdness & Mutations

You cannot be hasted, slowed, berserked, paralysed or teleported.
You can dig through walls and to a lower floor.
Your four strong arms can wield two-handed weapons with a shield.
You have a pair of large antennae on your head. (SInv)


Message History

Your redback completely misses the air elemental.
Your redback bites the air elemental!
Your redback misses the air elemental.
Your redback closely misses the air elemental.
The air elemental hits your redback. x2
Your redback closely misses the air elemental.
Your redback completely misses the air elemental.
Your redback bites the air elemental.
A spriggan defender comes into view.
It is wielding a +3 demon whip of electrocution.
The vortex of raging winds lifts you up.
You fly up into the air.
* * * LOW HITPOINT WARNING * * *
Your redback dies!
Your redback's corpse disappears in a puff of smoke!
The air elemental barely misses your redback.
Your redback barely misses the air elemental.
The air elemental completely misses your redback.
You block the air elemental's attack.
Your redback bites the air elemental! x2
Sojobo waves her feathered arms in wide circles.
The air twists around and violently strikes you in flight!
You die...

D.. #..#.#
#+###+#.#+###+ #...#
...........##Q #..##
........§..#§.##...#
...........##§.....##
#....######......#
#..§#§§#.##....###
#...#.§#Q..)#.##
#...#§@Es§..*Q##
#####§§E§§.....#
......§§ss§....!.#
....i..........##.#
...............# #.
..i..........#..#
...i...§.....#....
......§.........#.
...............#


You could see Sojobo, a tengu reaver, a spriggan defender, 2 spriggan riders, 2
air elementals, a battlesphere and 3 friendly redbacks.

Vanquished Creatures
  Boris (Depths:3)
  Bai Suzhen (Depths:3)
  the Lernaean hydra (Swamp:4)
  A caustic shrike (Depths:4)
  Jory (Depths:3)
  Jorgrun (Orc:2)
  Rupert (Orc:2)
  3 deep elf blademasters (Elf:2)
  A deep elf master archer (Elf:3)
  Asterion (Depths:2)
  A titan (Depths:1)
  5 sphinxes
  2 shadow dragons
  5 tengu reavers
  3 thorn hunters
  A storm dragon (Elf:1)
  3 fire giants
  An iron dragon (Depths:3)
  5 frost giants
  A large abomination (Elf:2)
  7 ghost moths
  9 emperor scorpions
  4 deep elf elementalists
  Louise (Elf:1)
  An angel (Depths:2)
  9 stone giants
  6 deep elf sorcerers
  An entropy weaver (shapeshifter) (Depths:4)
  8 very ugly things
  3 spriggan defenders
  2 entropy weavers
  9 deep elf demonologists
  13 deep elf annihilators
  5 vampire knights
  6 dire elephants (Lair:6)
  A minotaur (Gauntlet)
  2 spark wasps
  6 ettins
  Snorg (D:10)
  6 deep elf death magi
  3 deep elf high priests
  2 merfolk impalers (Depths:1)
  10 fire dragons
  2 great orbs of eyes
  4 yaktaur captains
  A great orb of eyes (shapeshifter) (Depths:3)
  4 ice dragons
  A rakshasa (Depths:3)
  Harold (Orc:1)
  24 hydras
  8 centaur warriors
  The ghost of Inquire the Martial Artist, a journeyman GnTm of Cheibriados (D:10)
  2 spriggan air magi
  A catoblepas (Lair:4)
  2 alligators
  3 ghost crabs
  An anaconda (Lair:6)
  25 dancing weapons
  2 shambling mangroves (Swamp:2)
  2 tengu warriors
  15 two-headed ogres
  10 deep troll shamans
  A queen ant (D:9)
  A death scarab (Gauntlet)
  2 deep troll earth magi
  3 ogre magi
  4 hell hogs (Depths:2)
  A vampire mage (Depths:4)
  9 spriggan berserkers
  3 orc high priests
  Sonja (D:11)
  Urug (D:11)
  18 deep elf knights
  9 spriggans
  5 iron trolls
  9 shadow wraiths (Depths:3)
  4 skeletal warriors (D:11)
  3 salamander mystics (Depths:3)
  23 deep trolls
  A deep troll (shapeshifter) (Depths:2)
  4 spriggan druids
  8 swamp dragons
  2 unseen horrors
  A glowing orange brain (D:13)
  An orange crystal statue (D:15)
  An unseen horror (shapeshifter) (D:15)
  A wizard (D:14)
  An obsidian statue (D:15)
  4 phantasmal warriors (Depths:3)
  5 flayed ghosts
  22 deep elf archers
  Pikel (D:4)
  6 orc knights (Orc:2)
  2 harpies (Depths:1)
  18 orb spiders
  A necromancer (Depths:1)
  A wolf spider zombie (D:15)
  2 orc sorcerers
  9 manticores
  46 deep elf magi
  24 ugly things
  6 cyclopes
  5 oklob plants
  31 wolf spiders
  A fire giant zombie (Depths:1)
  A moth of wrath (shapeshifter) (Gauntlet)
  8 salamanders
  15 elephants (Lair:6)
  A moth of wrath (Spider:2)
  A black mamba (shapeshifter) (Gauntlet)
  A worldbinder (Gauntlet)
  A frost giant skeleton (Depths:1)
  Psyche (D:8)
  3 ice statues (IceCv)
  2 black mambas
  A guardian serpent (shapeshifter) (D:15)
  A stone giant skeleton (Depths:1)
  A torpor snail (Spider:2)
  Joseph (D:9)
  A torpor snail (shapeshifter) (Depths:3)
  A centaur skeleton (D:11)
  19 spiny frogs
  5 rime drakes
  2 efreet
  15 demonic crawlers
  A minotaur zombie (Gauntlet)
  A kobold demonologist (Depths:4)
  A komodo dragon (shapeshifter) (Gauntlet)
  15 yaktaurs
  9 komodo dragons
  6 tengu conjurers
  A harpy zombie (D:15)
  A jumping spider (shapeshifter) (Depths:4)
  2 polar bears
  7 trolls
  An elf skeleton (Depths:1)
  A polar bear (shapeshifter) (Depths:5)
  35 jumping spiders
  8 tyrant leeches
  21 blink frogs
  8 hippogriffs
  14 hornets
  A raiju (shapeshifter) (Elf:3)
  51 slime creatures
  6 bog bodies
  A hippogriff (shapeshifter) (Depths:1)
  A centaur simulacrum (D:15)
  A snapping turtle (shapeshifter) (Depths:4)
  97 redbacks
  4 small abominations
  5 air elementals
  15 tarantellas
  8 wraiths
  20 yaks
  A hog (shapeshifter) (D:15)
  A tarantella (shapeshifter) (D:15)
  9 shadows
  A vampire (D:12)
  A golden eye (shapeshifter) (Depths:3)
  7 water elementals
  6 wyverns
  6 basilisks
  6 fire elementals
  A steam dragon (shapeshifter) (D:14)
  13 vampire mosquitoes
  12 wargs
  15 insubstantial wisps
  A spectral spiny frog (Gauntlet)
  15 swamp worms
  4 soldier ants (D:9)
  8 water moccasins
  2 acid dragons (Gauntlet)
  12 hell hounds
  11 swamp drakes
  A floating eye (D:13)
  52 orc warriors
  6 porcupines
  A hornet zombie (D:15)
  A sky beast (D:13)
  A spriggan simulacrum (Depths:1)
  21 ice beasts
  An eye of draining (D:13)
  3 phantoms
  2 black bears (Lair:4)
  A necrophage (D:13)
  22 ogres
  13 boggarts
  15 centaurs
  16 crocodiles
  8 big kobolds
  16 bullfrogs
  6 earth elementals
  12 scorpions
  8 wights
  22 killer bees
  4 howler monkeys
  4 electric eels
  10 crimson imps
  8 jellies
  4 centaur zombies
  2 quasits
  3 human zombies (Ossuary)
  3 bullfrog zombies
  7 hounds
  21 orc priests
  5 bullfrog skeletons
  Terence (D:2)
  4 iguanas
  40 worker ants
  28 orc wizards
  A big kobold zombie (Ossuary)
  2 hound zombies
  A hound skeleton (D:5)
  3 mummies (Ossuary)
  Robin (D:2)
  3 gnolls
  A worker ant zombie (D:8)
  14 adders
  A howler monkey skeleton (D:5)
  A scorpion zombie (Ossuary)
  3 shadow imps
  5 oozes
  An adder zombie (D:8)
  An adder skeleton (D:3)
  5 worms
  A dart slug (D:1)
  10 leopard geckos
  133 orcs
  4 ball pythons
  5 giant cockroaches
  14 goblins
  12 hobgoblins
  8 jackals
  14 bats
  2 frilled lizards
  3 goblin zombies
  A hobgoblin zombie (Ossuary)
  23 kobolds
  4 kobold zombies (Ossuary)
  A leopard gecko zombie (D:6)
  An orc zombie (Ossuary)
  2 quokka skeletons
  A quokka zombie (D:4)
  5 rats
  2 crawling corpses
  3 plants (Lair:6)
1783 creatures vanquished.

Vanquished Creatures (others)
  A deep elf master archer (Elf:3)
  A deep elf knight (Elf:3)
  2 deep elf archers (Elf:3)
  2 deep elf magi (Elf:3)
  A salamander (Depths:4)
  3 yaktaurs
  A hornet (Depths:5)
  An air elemental (Elf:3)
  A spriggan (Depths:5)
  A swamp worm (Swamp:3)
  A scorpion (Ossuary)
  An orc wizard (D:11)
  3 orcs (D:11)
  A quokka (D:7)
  15 fungi
  4 plants
  13 toadstools
52 creatures vanquished.

Grand Total: 1835 creatures vanquished

Notes
Turn   | Place    | Note
-------+----------+-------------------------------------------
     0 | D:1      | Murumi the Formicid Fighter began the quest for the Orb.
     0 | D:1      | Reached XP level 1. HP: 18/18 MP: 1/1
    84 | D:1      | Reached skill level 1 in Dodging
   209 | D:1      | Reached XP level 2. HP: 24/24 MP: 2/2
   289 | D:1      | Reached skill level 4 in Shields
   547 | D:1      | Reached XP level 3. HP: 29/29 MP: 3/3
  1034 | D:2      | Noticed Terence
  1077 | D:2      | Killed Terence
  1077 | D:2      | Reached XP level 4. HP: 20/35 MP: 4/4
  1748 | D:2      | Noticed Robin
  1766 | D:2      | Killed Robin
  1766 | D:2      | Reached XP level 5. HP: 41/42 MP: 5/5
  2089 | D:3      | Found an ornate altar of the Wu Jian Council.
  2642 | D:3      | Found a radiant altar of Vehumet.
  2668 | D:3      | Reached XP level 6. HP: 44/48 MP: 6/6
  2943 | D:4      | Noticed a phantom
  2944 | D:4      | Noticed an ogre
  2959 | D:3      | Killed an ogre
  2959 | D:3      | Reached skill level 5 in Shields
  2976 | D:4      | Killed a phantom
  2976 | D:4      | Reached skill level 6 in Shields
  2976 | D:4      | Reached XP level 7. HP: 48/54 MP: 7/7
  3114 | D:4      | Noticed Pikel
  3147 | D:4      | Killed Pikel
  3147 | D:4      | Reached skill level 9 in Shields
  3147 | D:4      | Reached XP level 8. HP: 51/60 MP: 8/8
  3253 | D:4      | Found a sand-covered staircase.
  3273 | Ossuary  | Entered an ossuary
  3349 | Ossuary  | Reached skill level 5 in Fighting
  3452 | Ossuary  | Reached skill level 5 in Armour
  3571 | Ossuary  | Reached XP level 9. HP: 62/68 MP: 10/10
  4484 | D:5      | Entered Level 5 of the Dungeon
  4618 | D:5      | Reached skill level 5 in Long Blades
  4915 | D:5      | Found a staircase to the Ecumenical Temple.
  4920 | Temple   | Entered the Ecumenical Temple
  4948 | Temple   | Became a worshipper of Warmaster Okawaru
  5572 | D:5      | Reached skill level 1 in Invocations
  5815 | D:6      | Noticed a slime creature
  5815 | D:6      | Noticed a slime creature
  5843 | D:6      | Killed a slime creature
  5843 | D:6      | Reached XP level 10. HP: 45/79 MP: 11/13
  5851 | D:6      | Reached * piety under Okawaru
  5851 | D:6      | Reached skill level 5 in Invocations
  6303 | D:6      | Found a shimmering altar of Xom.
  7014 | D:7      | Found a white marble altar of Elyvilon.
  7014 | D:7      | Found a shadowy altar of Dithmenos.
  7280 | D:7      | Reached ** piety under Okawaru
  7326 | D:7      | Found a white marble altar of Elyvilon.
  7808 | D:8      | Noticed a two-headed ogre
  7925 | D:8      | Killed a two-headed ogre
  7925 | D:8      | Reached skill level 5 in Evocations
  8275 | D:8      | Reached XP level 11. HP: 85/86 MP: 15/15
  8352 | D:8      | Noticed Psyche
  8364 | D:8      | Killed Psyche
  8364 | D:8      | Reached *** piety under Okawaru
  9322 | D:9      | Noticed a queen ant
  9345 | D:9      | Killed a queen ant
  9375 | D:9      | Reached **** piety under Okawaru
  9511 | D:9      | Reached skill level 10 in Shields
  9704 | D:9      | Found a sparkling altar of Nemelex Xobeh.
  9904 | D:9      | Noticed Joseph
  9923 | D:9      | Killed Joseph
 10092 | D:10     | Entered Level 10 of the Dungeon
 10413 | D:10     | Noticed Snorg
 10423 | D:10     | Killed Snorg
 10423 | D:10     | Reached ***** piety under Okawaru
 10482 | D:10     | Reached XP level 12. HP: 87/95 MP: 16/16
 10647 | D:10     | Found a staircase to the Orcish Mines.
 10714 | D:10     | Found a runed translucent door.
 10715 | D:10     | Noticed Inquire's ghost (journeyman GnTm)
 10856 | D:10     | Reached skill level 10 in Fighting
 10970 | D:10     | Identified a scroll of acquirement
 11367 | D:10     | Killed Inquire's ghost
 11367 | D:10     | Reached skill level 10 in Armour
 11381 | D:10     | Received a gift from Okawaru
 11392 | D:10     | Got a twitching emerald amulet
 11660 | D:11     | Noticed an unseen horror
 11663 | D:11     | Found a staircase to the Lair.
 11689 | D:11     | Killed an unseen horror
 11689 | D:11     | Reached skill level 11 in Shields
 11814 | D:11     | Noticed a skeletal warrior
 11819 | D:11     | Noticed a skeletal warrior
 11834 | D:11     | Killed a skeletal warrior
 11854 | D:11     | Killed a skeletal warrior
 11859 | D:11     | Noticed a skeletal warrior
 11887 | D:11     | Killed a skeletal warrior
 11900 | D:11     | Noticed a skeletal warrior
 11919 | D:11     | Killed a skeletal warrior
 12187 | D:11     | Noticed Sonja
 12212 | D:11     | Killed Sonja
 12212 | D:11     | Received a gift from Okawaru
 12212 | D:11     | Reached skill level 12 in Shields
 12367 | D:11     | Noticed Urug
 12442 | D:11     | Killed Urug
 12468 | D:11     | Identified the amulet of Democracy {RegenMP Str-5 Dex+6
                  | SInv} (You found it on level 10 of the Dungeon)
 12769 | Lair:1   | Entered Level 1 of the Lair of Beasts
 12769 | Lair:1   | Found a gate leading to a gauntlet.
 12790 | Lair:1   | Reached XP level 13. HP: 71/104 MP: 18/18
 12797 | Gauntlet | Entered a Gauntlet
 12797 | Gauntlet | Found a transporter.
 12797 | Gauntlet | Found a transporter.
 12856 | Gauntlet | Found a transporter.
 12859 | Gauntlet | Found a transporter.
 12870 | Gauntlet | Found a transporter.
 12893 | Gauntlet | Found a transporter.
 12913 | Gauntlet | Found a transporter.
 12931 | Gauntlet | Found a transporter.
 12939 | Gauntlet | Found a transporter.
 12957 | Gauntlet | Found a transporter.
 13001 | Gauntlet | Found a transporter.
 13002 | Gauntlet | Noticed a ghost crab
 13009 | Gauntlet | Found a transporter.
 13251 | Gauntlet | Noticed a minotaur
 13267 | Gauntlet | Killed a minotaur
 13273 | Gauntlet | Identified the Grimoire of Destructive Enchantment
 13446 | Lair:1   | Reached skill level 10 in Long Blades
 14216 | Lair:2   | Found a frozen archway.
 14262 | IceCv    | Entered an ice cave
 14881 | IceCv    | Identified the Incunabulum of Burning Attacks
 14951 | Lair:2   | Noticed an eight-headed hydra
 14966 | Lair:2   | Killed a two-headed hydra
 14966 | Lair:2   | Reached skill level 13 in Shields
 15176 | Lair:2   | Got a steaming plate armour
 15187 | Lair:2   | Identified the +4 plate armour of the Echidna {Dex+2} (You
                  | found it on level 2 of the Lair of Beasts)
 15200 | Lair:2   | Reached skill level 5 in Dodging
 15340 | Lair:2   | Learned a level 1 spell: Apportation
 15740 | Lair:3   | Reached skill level 1 in Crossbows
 15818 | Lair:3   | Reached XP level 14. HP: 113/113 MP: 20/20
 16017 | Lair:3   | Reached ****** piety under Okawaru
 16138 | Lair:3   | Found a staircase to the Swamp.
 16511 | Lair:3   | Received a gift from Okawaru
 16514 | Lair:3   | Got a brightly glowing large shield {god gift}
 16569 | Lair:4   | Reached skill level 5 in Crossbows
 16822 | Lair:4   | Found a hole to the Spider Nest.
 18428 | Lair:6   | Entered Level 6 of the Lair of Beasts
 18950 | Lair:6   | Reached skill level 10 in Crossbows
 19047 | Lair:6   | Identified the +1 large shield of the Ditch-Digger {rC+
                  | rCorr Slay+6} (Okawaru gifted it to you on level 3 of the
                  | Lair of Beasts)
 19094 | Lair:6   | Received a gift from Okawaru
 19183 | Lair:6   | Identified Advanced Wizardry
 19401 | Lair:6   | Received a gift from Okawaru
 19401 | Lair:6   | Reached XP level 15. HP: 99/120 MP: 21/21
 19603 | Lair:6   | Found a staircase to the Slime Pits.
 20472 | Lair:6   | HP: 4/120 [dire elephant (15)]
 21397 | D:12     | Identified the +1 ring mail "Asuot" {*Contam +Inv Dex+4}
 21630 | D:12     | Found a blossoming altar of Fedhas.
 21662 | D:12     | You fall into a shaft and drop 3 floors!
 21662 | D:15     | Entered Level 15 of the Dungeon
 21670 | D:15     | Received a gift from Okawaru
 21671 | D:15     | Got a dazzling cloak {god gift}
 21682 | D:15     | Identified the +0 cloak of Absolutism {rElec Str+4 Dex-2}
                  | (Okawaru gifted it to you on level 15 of the Dungeon)
 22173 | D:14     | Reached skill level 14 in Shields
 22426 | D:13     | Found a gate to the Vaults.
 22789 | D:13     | You fall into a shaft and drop 2 floors!
 22823 | D:13     | Identified the ring "Diucud" {AC+4 Dex+9}
 22925 | D:13     | Reached XP level 16. HP: 127/127 MP: 22/22
 23282 | D:13     | Identified Sif Muna's Compendium of Clay and Intoxication
 23875 | D:13     | Received a gift from Okawaru
 25398 | D:15     | Received a gift from Okawaru
 25789 | D:15     | Found a staircase to the Depths.
 26024 | D:15     | Received a gift from Okawaru
 26237 | Orc:1    | Entered Level 1 of the Orcish Mines
 26436 | Orc:1    | Noticed Harold
 26447 | Orc:1    | Killed Harold
 26518 | Orc:2    | Entered Level 2 of the Orcish Mines
 27029 | Orc:2    | Reached skill level 15 in Shields
 27203 | Orc:2    | Noticed Rupert
 27235 | Orc:2    | Killed Rupert
 27296 | Orc:2    | Found Jephoen's Weapon Shoppe.
 27296 | Orc:2    | Found Sivusod's Gadget Shop.
 27312 | Orc:2    | Bought a phantom mirror for 420 gold pieces
 27312 | Orc:2    | Bought a box of beasts for 280 gold pieces
 27331 | Orc:2    | Noticed Jorgrun
 27350 | Orc:2    | Killed Jorgrun
 27408 | Orc:2    | Reached XP level 17. HP: 109/136 MP: 23/23
 27564 | Orc:2    | Found a roughly hewn altar of Beogh.
 27672 | Orc:2    | Found Mojargh's Magic Scroll Shop.
 27672 | Orc:2    | Found Leono's Distillery.
 27691 | Orc:2    | Bought a potion of resistance for 130 gold pieces
 27691 | Orc:2    | Bought a potion of curing for 39 gold pieces
 27691 | Orc:2    | Bought 2 potions of curing for 78 gold pieces
 27691 | Orc:2    | Bought a potion of agility for 52 gold pieces
 27691 | Orc:2    | Bought a potion of heal wounds for 65 gold pieces
 27691 | Orc:2    | Bought a potion of agility for 52 gold pieces
 27691 | Orc:2    | Bought a potion of agility for 52 gold pieces
 27691 | Orc:2    | Bought a potion of curing for 39 gold pieces
 27724 | Orc:2    | Found a staircase to the Elven Halls.
 28221 | Swamp:1  | Entered Level 1 of the Swamp
 28487 | Swamp:1  | Noticed a thorn hunter
 28492 | Swamp:1  | Killed a thorn hunter
 28492 | Swamp:1  | Received a gift from Okawaru
 28712 | Swamp:1  | Received a gift from Okawaru
 29034 | Swamp:2  | Reached skill level 10 in Invocations
 29543 | Swamp:2  | Received a gift from Okawaru
 29572 | Swamp:2  | Got an ichor-stained crystal plate armour {god gift}
 29573 | Swamp:2  | Identified the +8 crystal plate armour of Life {rN++ Slay-4
                  | SInv Stlth+} (Okawaru gifted it to you on level 2 of the
                  | Swamp)
 29933 | Swamp:3  | Noticed a thorn hunter
 30001 | Swamp:3  | Killed a thorn hunter
 30527 | Swamp:3  | Noticed a thorn hunter
 30540 | Swamp:3  | Killed a thorn hunter
 30781 | Swamp:4  | Entered Level 4 of the Swamp
 31146 | Swamp:4  | Received a gift from Okawaru
 31182 | Swamp:4  | Reached skill level 16 in Shields
 31182 | Swamp:4  | Reached XP level 18. HP: 140/146 MP: 25/25
 31235 | Swamp:4  | Noticed the 27-headed Lernaean hydra
 31246 | Swamp:4  | Killed the 22-headed Lernaean hydra
 31246 | Swamp:4  | Received a gift from Okawaru
 31361 | Swamp:4  | Got a decaying rune of Zot
 31868 | Spider:1 | Entered Level 1 of the Spider Nest
 31872 | Spider:1 | Received a gift from Okawaru
 32080 | Spider:1 | Identified the +5 great sword of Qumun {venom, rC+ Str+6}
                  | (You found it on level 1 of the Spider Nest)
 33661 | Spider:2 | Reached skill level 15 in Fighting
 33843 | Spider:3 | Reached XP level 19. HP: 155/155 MP: 26/26
 34018 | Spider:2 | Received a gift from Okawaru
 34188 | Spider:3 | Reached skill level 15 in Armour
 34416 | Spider:3 | Found a roughly hewn altar of Beogh.
 34472 | Spider:4 | Entered Level 4 of the Spider Nest
 34655 | Spider:4 | Received a gift from Okawaru
 34770 | Spider:4 | Received a gift from Okawaru
 34796 | Spider:4 | Reached skill level 17 in Shields
 34906 | Spider:4 | Received a gift from Okawaru
 35219 | Spider:4 | Reached skill level 10 in Evocations
 35247 | Spider:4 | Received a gift from Okawaru
 35257 | Spider:4 | Identified the +0 pair of gloves of the Inquisitive Beds
                  | {rPois rN+ SInv} (Okawaru gifted it to you on level 4 of
                  | the Spider Nest)
 35446 | Spider:4 | Got a gossamer rune of Zot
 35811 | Elf:1    | Entered Level 1 of the Elven Halls
 35958 | Elf:1    | Noticed Louise
 35965 | Elf:1    | Killed Louise
 36212 | Elf:1    | Found a deep blue altar of Sif Muna.
 36383 | Elf:1    | Reached XP level 20. HP: 162/162 MP: 28/28
 36532 | Elf:1    | Found a runed translucent gate.
 36532 | Elf:1    | Found a runed translucent gate.
 36532 | Elf:1    | Found a runed translucent gate.
 36532 | Elf:1    | Found a runed translucent gate.
 36532 | Elf:1    | Found a runed translucent gate.
 36536 | Elf:1    | Found a runed translucent gate.
 36709 | Elf:1    | Received a gift from Okawaru
 37258 | Elf:2    | Received a gift from Okawaru
 37319 | Elf:2    | Identified the +0 cloak "Gooluacw" {Str+4 Dex+3} (Okawaru
                  | gifted it to you on level 2 of the Elven Halls)
 37402 | Elf:2    | Found a runed translucent gate.
 37403 | Elf:2    | Found a runed translucent gate.
 37403 | Elf:2    | Found a runed translucent gate.
 37408 | Elf:2    | Reached skill level 18 in Shields
 38770 | Elf:3    | Entered Level 3 of the Elven Halls
 39197 | Elf:3    | Received a gift from Okawaru
 39203 | Elf:3    | Reached XP level 21. HP: 149/171 MP: 29/29
 39240 | Elf:3    | Received a gift from Okawaru
 39264 | Elf:3    | Received a gift from Okawaru
 40232 | Elf:3    | Identified the +1 pair of boots of Articulation {MR- rCorr
                  | Int+3} (Okawaru gifted it to you on level 3 of the Elven
                  | Halls)
 40492 | Elf:3    | Reached skill level 15 in Long Blades
 40495 | Elf:3    | Identified the +8 short sword "Rofilu" {venom, +Blink
                  | rPois}
 40500 | Elf:3    | Noticed a Tzitzimitl
 40710 | Elf:3    | Identified the Reference Book on Ghastly Summoning
 40761 | Elf:3    | Identified Yxunaurph's Beginning Course on Rites and Rhymes
 40877 | Elf:3    | Identified the ring of the Manifold Ghosts {Fire rPois
                  | Int+4} (You found it on level 3 of the Elven Halls)
 42010 | Depths:1 | Entered Level 1 of the Depths
 42085 | Depths:1 | Received a gift from Okawaru
 42092 | Depths:1 | Reached skill level 15 in Crossbows
 42151 | Depths:1 | Found a gateway to Hell.
 42155 | Depths:1 | Found a one-way gate to the infinite horrors of the Abyss.
 42259 | Depths:1 | Received a gift from Okawaru
 42478 | Depths:1 | Reached XP level 22. HP: 146/181 MP: 30/30
 42995 | Depths:1 | Found Vayguotz's Island Escapes.
 43101 | Depths:1 | Reached skill level 19 in Shields
 43158 | Depths:1 | Received a gift from Okawaru
 43600 | Depths:1 | Bought a potion of invisibility for 128 gold pieces
 43600 | Depths:1 | Bought a scroll of fog for 32 gold pieces
 43600 | Depths:1 | Bought an uncursed ring of flight for 280 gold pieces
 43600 | Depths:1 | Bought a scroll of fog for 32 gold pieces
 43600 | Depths:1 | Bought a potion of invisibility for 128 gold pieces
 43600 | Depths:1 | Bought a potion of flight for 48 gold pieces
 43959 | Depths:2 | Found a glowing golden altar of the Shining One.
 44274 | Depths:2 | Noticed Asterion
 44285 | Depths:2 | Killed Asterion
 44878 | Depths:3 | Noticed Boris
 44886 | Depths:3 | Killed Boris
 44945 | Depths:3 | Reached XP level 23. HP: 187/190 MP: 32/32
 44948 | Depths:3 | Received a gift from Okawaru
 45444 | Depths:3 | Found a one-way gate leading to the halls of Pandemonium.
 45560 | Depths:3 | Identified the ring "Qysuzety" {rN++ Str-4 SInv}
 45560 | Depths:3 | Noticed Jory
 45570 | Depths:3 | Killed Jory
 45590 | Depths:3 | Received a gift from Okawaru
 46119 | Depths:3 | Received a gift from Okawaru
 46194 | Depths:3 | Noticed Bai Suzhen
 46206 | Depths:3 | Killed Bai Suzhen
 46206 | Depths:3 | Received a gift from Okawaru
 48123 | Depths:4 | Received a gift from Okawaru
 48520 | Depths:4 | Found a runed translucent door.
 48521 | Depths:4 | Noticed a caustic shrike
 48522 | Depths:4 | Identified the +11 demon whip "Rucukhlil" {pain, Int+2}
 48523 | Depths:4 | Found the +5 scythe "Finisher" {speed, eviscerate}
 48530 | Depths:4 | Killed a caustic shrike
 48530 | Depths:4 | Reached XP level 24. HP: 184/197 MP: 24/32
 48559 | Depths:4 | Reached skill level 20 in Shields
 48767 | Depths:5 | Entered Level 5 of the Depths
 48809 | Depths:5 | Found a gateway to a ziggurat.
 48839 | Depths:5 | Noticed Sojobo
 48940 | Depths:4 | Received a gift from Okawaru
 49417 | Depths:5 | Killed from afar by Sojobo

Levels and vault maps discovered:
D:1:      zaba_arrival_water, layout_basic, item_on_display_a
D:2:      layout_loops_cross, uniq_robin, uniq_terence
D:3:      layout_loops_ring, lemuel_doored_altar, lemuel_round_altar,
          minmay_gold_behind_fungi
D:4:      layout_basic, enter_ossuary_4, first_ration, uniq_pikel
D:5:      layout_loops_ring, minmay_temple_entry_butterflies
D:6:      cheibrodos_fertilizer, layout_basic, tgw_xom
D:7:      layout_cave_pods, amethyst_overflow_temple_binary, elyvilon_altar_4
D:8:      layout_basic, uniq_psyche
D:9:      layout_roguey, kennysheep_mini_moat, grunt_pizzeria,
          zaba_antful_of_joy, uniq_joseph
D:10:     layout_stronghold, orc_david_3, ebering_ghost_inner_flame, uniq_snorg
D:11:     minmay_goldmine, layout_cave_pools, erik_lair_orcish_takeover,
          lemuel_nasty_fountain, uniq_urug, uniq_sonja
D:12:     layout_roguey, basic_altar, kennysheep_boxes
D:13:     cheibrodos_hippocracy, layout_basic, david_vaults_2, nicolae_wand_duel
D:14:     layout_loops_ring, serial_glass, glass_columns_a, glass_columns_a,
          feat_on_display
D:15:     gammafunk_enter_depths_forms, layout_long_grid,
          chequers_serial_rivers_marsh, minmay_more_statues
Temple:   regret_index_temple_sphere_string
Lair:1:   layout_regular_city, gauntlet_entry_generic, serial_bayou_shore_a,
          infiniplex_staircase_pool_2, serial_bayou_shore_b
Lair:2:   layout_big_grid, portal_ice_cave_entry_ice_beasts, grunt_megastairs_5
Lair:3:   layout_gridlike, skrybe_swamp_entry_bodies, grunt_megastairs_4
Lair:4:   layout_roguey, spider_nest_entry_rubble, gammafunk_lair_bear_cave
Lair:5:   layout_regular_city, lemuel_old_faithful
Lair:6:   due_jungle_book, layout_long_grid, minmay_slime_entry_oklob_open
Swamp:1:  cheibrodos_swamp_tower_of_moss, layout_basic_swamp,
          hangedman_swamp_blocks
Swamp:2:  layout_basic_swamp, infiniplex_staircase_pool, swamp_pool1
Swamp:3:  layout_falls_marsh, evilmike_swamp_ruin_house_1
Swamp:4:  swamp_old_school, layout_basic_swamp
Spider:1: layout_spider_delve
Spider:2: layout_spider_delve, nicolae_spider_webs_and_nodes,
          hangedman_stitches_earthworm
Spider:3: nicolae_spider_mines_2
Spider:4: grunt_spider_rune_circles
Orc:1:    layout_diamond_mine, uniq_harold
Orc:2:    st_orc_town, layout_diamond_mine, uniq_rupert, uniq_jorgrun
Elf:1:    elf_arrival_002, layout_geoelf_diagonals, basic_altar, orc_legates,
          uniq_louise
Elf:2:    layout_rooms
Elf:3:    grunt_elf_hall_branching, layout_gridlike, grunt_ministairs_2,
          st_stairs_8, chequers_hall_statues_y, lemuel_flame_loot_1
Depths:1: grunt_twist_and_shout, layout_cave_pools, hell_entry, special_room
          [special_room_mythical_zoo], abyss_entry, serial_bayou_shore_b,
          minmay_tree_intersection, nicolae_island_escapes
Depths:2: abrahamwl_protected_by_tso_3, layout_twisted_cross,
          nicolae_abyss_entry_one_way_or_another, grunt_hell_horde,
          minmay_misc_feat_square, uniq_asterion
Depths:3: due_jory_tower, layout_cross, minmay_misc_feat_room, pan_entry,
          abyss_entry, pf_coc_iceberg, grunt_megastairs_3,
          infiniplex_staircase_zigzag_3, uniq_bai_suzhen, uniq_boris
Depths:4: minmay_gate_of_8, layout_cave_pools, marbit_kobold_abyss_entry,
          hell_entry, minmay_fractal_squares_diagonal_5
Depths:5: evilmike_zot_entry_gauntlet, layout_cave_shapes, enter_ziggurat_c,
          minmay_misc_feat_ornament, hell_entry,
          hangedman_abyss_or_decor_clamps, evilmike_spriggan_trog_shrine,
          uniq_sojobo, uniq_jory, uniq_frederick

Skill      XL: |  1  2  3  4  5  6  7  8  9 10 11 12 13 14 15 16 17 18 19 20 21 22 23 24 |
---------------+-------------------------------------------------------------------------+-----
Dodging        | 1 2 4 5 6 7 8 9 |  9.0
Shields        | 4 6 9 10 12 13 14 15 16 17 18 19 20 | 20.0
Long Blades    | 3 4 5 6 9 10 11 12 13 14 15 16 | 16.1
Fighting       | 4 5 7 8 9 10 11 12 13 14 15 16 17 18 | 18.0
Armour         | 4 5 7 8 9 10 11 12 13 14 15 16 17 18 | 18.0
Evocations     | 2 3 5 6 7 8 9 10 11 | 11.0
Invocations    | 4 6 7 8 9 10 11 12 13 | 13.0
Crossbows      | 2 10 11 12 13 14 15 16 | 16.0

Action                   |  1- 3 |  4- 6 |  7- 9 | 10-12 | 13-15 | 16-18 | 19-21 | 22-24 || total
-------------------------+-------+-------+-------+-------+-------+-------+-------+-------++-------
Melee: Long sword        |   112 |   182 |   490 |  1056 |       |       |       |       ||  1840
       Double sword      |       |       |       |    17 |  1067 |   525 |       |       ||  1609
       Falchion          |       |       |       |       |    46 |       |       |       ||    46
       Triple sword      |       |       |       |       |       |   525 |   740 |   675 ||  1940
       Scimitar          |       |       |       |       |       |    23 |       |       ||    23
       Great sword       |       |       |       |       |       |       |       |    26 ||    26
 Fire: Hand crossbow     |       |       |       |       |   398 |       |       |       ||   398
       Arbalest          |       |       |       |       |    26 |   576 |   372 |   222 ||  1196
Throw: Stone             |    44 |   114 |   124 |   283 |       |       |       |       ||   565
       Boomerang         |       |       |    24 |    32 |    18 |       |       |       ||    74
       Dart              |       |       |       |     6 |       |       |       |       ||     6
       Javelin           |       |       |       |       |    88 |       |       |       ||    88
       Throwing net      |       |       |       |       |       |       |     1 |       ||     1
Invok: Heroism           |       |       |       |    11 |    11 |     5 |     3 |     8 ||    38
       Finesse           |       |       |       |     4 |     6 |     3 |     2 |     4 ||    19
 Abil: Dig               |     1 |     1 |       |     8 |     4 |    16 |     8 |     5 ||    43
       Stop Flying       |       |       |       |       |       |       |       |     1 ||     1
Evoke: Wand              |       |       |       |     2 |     2 |       |       |       ||     4
       Fan of gales      |       |       |       |       |       |       |       |     1 ||     1
       Lamp of fire      |       |       |       |       |       |       |       |     1 ||     1
       Sack of spiders   |       |       |       |       |       |       |       |     1 ||     1
  Use: Scroll            |     4 |     6 |     8 |    10 |     9 |    11 |     6 |     1 ||    55
       Potion            |       |     1 |     1 |     1 |     5 |     2 |       |     5 ||    15
 Stab: Petrified         |       |       |       |       |    15 |       |       |       ||    15
       Held in net/web   |       |       |       |       |     1 |       |       |       ||     1
       Petrifying        |       |       |       |       |     1 |       |       |       ||     1
       Invisible         |       |       |       |       |     5 |     3 |       |       ||     8
       Confused          |       |       |       |       |       |     6 |       |       ||     6
  Eat: Chunk             |     1 |     6 |     4 |    21 |    30 |    28 |    24 |    19 ||   133
       Ration            |       |       |     2 |     1 |     1 |     3 |     2 |     1 ||    10
Armor: Scale mail        |    37 |     2 |       |       |       |       |       |       ||    39
       Chain mail        |       |    51 |       |       |       |       |       |       ||    51
       Plate armour      |       |    43 |   152 |   285 |   391 |   560 |   339 |   246 ||  2016
       Pearl dragon scal |       |       |       |    58 |    92 |       |       |       ||   150
Dodge: Dodged            |    27 |    36 |    76 |   230 |   339 |   435 |   313 |   260 ||  1716
Block: Shield            |    66 |    90 |   248 |   592 |   783 |   400 |       |       ||  2179
       Large shield      |       |       |       |       |    17 |   838 |  1168 |  1140 ||  3163
       Reflection        |       |       |       |       |       |       |    67 |    59 ||   126
       Rpst.: Long sword |     9 |    10 |    25 |    71 |       |       |       |       ||   115
       Double sword      |       |       |       |     1 |    82 |    40 |       |       ||   123
       Falchion          |       |       |       |       |     2 |       |       |       ||     2
       Triple sword      |       |       |       |       |       |    41 |    60 |    33 ||   134
       Scimitar          |       |       |       |       |       |     2 |       |       ||     2
       Great sword       |       |       |       |       |       |       |       |     1 ||     1

Table legend:
 A = Non-vault XP
 B = Vault XP
 C = Vault XP percentage of total XP
 D = Non-vault monster count
 E = Vault monster count
 F = Vault count percentage of total count
                 A         B        C        D         E       F
            +---------+---------+-------+---------+---------+-------
      Total |  415194 |  312123 |  42.9 |    1194 |     592 |  33.1
            +---------+---------+-------+---------+---------+-------
        D:1 |      38 |       0 |   0.0 |      22 |       0 |   0.0
        D:2 |      59 |      71 |  54.6 |      16 |      12 |  42.9
        D:3 |     237 |       0 |   0.0 |      26 |       0 |   0.0
        D:4 |     386 |     643 |  62.5 |      13 |       3 |  18.8
        D:5 |     820 |       0 |   0.0 |      23 |       0 |   0.0
        D:6 |    1096 |     844 |  43.5 |      23 |      22 |  48.9
        D:7 |     792 |       0 |   0.0 |      19 |       0 |   0.0
        D:8 |    2550 |     448 |  14.9 |      40 |       1 |   2.4
        D:9 |    1336 |    3035 |  69.4 |      22 |      36 |  62.1
       D:10 |    3233 |    3024 |  48.3 |      37 |      11 |  22.9
       D:11 |    4679 |    2543 |  35.2 |      19 |      22 |  53.7
       D:12 |    5724 |       0 |   0.0 |      37 |       0 |   0.0
       D:13 |    7926 |    5143 |  39.4 |      31 |      18 |  36.7
       D:14 |    7199 |    1757 |  19.6 |      30 |       3 |   9.1
       D:15 |   11908 |    5584 |  31.9 |      35 |      16 |  31.4
     Lair:1 |    2538 |       0 |   0.0 |      12 |       0 |   0.0
     Lair:2 |    4108 |    1804 |  30.5 |      17 |      10 |  37.0
     Lair:3 |    4277 |     988 |  18.8 |      16 |       4 |  20.0
     Lair:4 |    9285 |     892 |   8.8 |      31 |       5 |  13.9
     Lair:5 |    3261 |       0 |   0.0 |      11 |       0 |   0.0
     Lair:6 |   19930 |    5171 |  20.6 |      42 |       9 |  17.6
    Swamp:1 |    4133 |    1982 |  32.4 |      13 |       1 |   7.1
    Swamp:2 |   10342 |       0 |   0.0 |      32 |       0 |   0.0
    Swamp:3 |   15825 |       0 |   0.0 |      45 |       0 |   0.0
    Swamp:4 |    7465 |   19445 |  72.3 |      23 |      22 |  48.9
   Spider:1 |   14648 |       0 |   0.0 |      45 |       0 |   0.0
   Spider:2 |   28424 |    2284 |   7.4 |      74 |       9 |  10.8
   Spider:3 |    9985 |    2366 |  19.2 |      27 |       8 |  22.9
   Spider:4 |   14277 |   24604 |  63.3 |      38 |      33 |  46.5
      Orc:1 |    1942 |    1002 |  34.0 |      47 |       1 |   2.1
      Orc:2 |   14019 |   15302 |  52.2 |      50 |      73 |  59.3
      Elf:1 |   17357 |   20338 |  54.0 |      31 |      36 |  53.7
      Elf:2 |   15472 |   39535 |  71.9 |      25 |      40 |  61.5
      Elf:3 |   20483 |   37440 |  64.6 |      31 |      31 |  50.0
   Depths:1 |   41180 |   28041 |  40.5 |      54 |      30 |  35.7
   Depths:2 |   34699 |    9804 |  22.0 |      41 |      14 |  25.5
   Depths:3 |   37855 |   45780 |  54.7 |      46 |      53 |  53.5
   Depths:4 |   32787 |   22605 |  40.8 |      45 |      16 |  26.2
   Depths:5 |    2919 |       0 |   0.0 |       5 |       0 |   0.0
    Ossuary |       0 |    1038 | 100.0 |       0 |      30 | 100.0
      IceCv |       0 |    3193 | 100.0 |       0 |      11 | 100.0
   Gauntlet |       0 |    5417 | 100.0 |       0 |      12 | 100.0
            +---------+---------+-------+---------+---------+-------
